 Dungeon Crawl Stone Soup version 0.27-a0-1048-g7ee7857c10 (webtiles) character file.

Game seed: 2447538112269011944

1324 DarkShadow the Shield-Bearer (level 8, -3/70 HPs)
             Began as a Minotaur Fighter on Apr 20, 2021.
             Succumbed to an orc's poison
             ... on level 7 of the Dungeon.
             The game lasted 00:17:22 (6088 turns).

DarkShadow the Shield-Bearer (Minotaur Fighter)     Turns: 6088, Time: 00:17:23

Health: -3/70      AC: 15    Str: 22    XL:     8   Next: 33%
Magic:  7/7        EV:  6    Int:  5    God:
Gold:   254        SH: 14    Dex: 11    Spells: 7/7 levels left

rFire    . . .     SeeInvis .   a - +2 long sword
rCold    . . .     Faith    .   g - +3 kite shield of Analysis {+Blink}
rNeg     . . .     Spirit   .   s - +0 chain mail
rPois    .         Reflect  .   (helmet restricted)
rElec    .         Harm     .   v - +0 cloak
rCorr    .         Rampage  .   (no gloves)
Will     .....                  (no boots)
Stlth    ..........             (no amulet)
HPRegen  0.21/turn              n - ring of flight
MPRegen  0.10/turn              j - +4 ring of protection

@: lethally poisoned (-3 -> -38), flying
A: horns 2, retaliatory headbutt
a: Evoke Blink


You were on level 7 of the Dungeon.
You visited 1 branch of the dungeon, and saw 7 of its levels.

You collected 254 gold pieces.

Inventory:

Hand Weapons
 a - a +2 long sword (weapon)
Missiles
 b - 6 curare-tipped darts (quivered)
Armour
 g - the +3 kite shield of Analysis (worn) {+Blink}
   (You found it on level 5 of the Dungeon)

   It lets you blink.
 s - a +0 chain mail (worn)
 v - a +0 cloak (worn)
Jewellery
 i - a ring of positive energy
 j - a +4 ring of protection (right hand)
 n - a ring of flight (left hand)
Wands
 c - a wand of digging (6)
 d - a wand of iceblast (7)
Scrolls
 h - a scroll of silence
 l - a scroll of blinking
 m - a scroll of teleportation
 o - a scroll of fear
 p - a scroll of magic mapping {unknown}
 r - a scroll of enchant weapon
Potions
 e - a potion of magic
 f - 2 potions of curing
 k - a potion of heal wounds
 q - 3 potions of might
 t - a potion of cancellation
 u - a potion of flight


   Skills:
 + Level 6.1 Fighting
 + Level 7.2 Long Blades
 + Level 6.7 Armour
 + Level 7.5 Shields
 + Level 0.5 Evocations


You had 7 spell levels left.
You didn't know any spells.
Your spell library was empty.

Dungeon Overview and Level Annotations

Branches:
Dungeon (7/15)
 Temple: D:4-7

Altars:
Ashenzari
Dithmenos
Elyvilon
Kikubaaqudgha
Qazlal
Yredelemnul
The Shining One

Shops:
D:2 :   D:6 *

Annotations:
D:5 3 runed translucent doors, Morbidden's ghost, amateur DDWn


Innate Abilities, Weirdness & Mutations

You have a pair of horns on your head.
You reflexively headbutt those who attack you in melee.


Message History

You are more poisoned.
You hit the killer bee zombie.
The killer bee zombie is severely damaged.
You feel extremely sick.
You block the killer bee zombie's attack.
The killer bee zombie hits you but does no damage.
The orc hits you but does no damage.
You are more poisoned.
You closely miss the killer bee zombie.
The killer bee zombie is severely damaged.
You feel extremely sick.
You block the killer bee zombie's attack.
The killer bee zombie hits you.
The orc hits you with a +1 dagger of venom.
You are more poisoned.
The killer bee zombie hits you but does no damage.
You closely miss the killer bee zombie. You headbutt the killer bee zombie!
You destroy the killer bee zombie!
You feel extremely sick. The orc hits you but does no damage.
You are lethally poisoned!
You block the orc's attack.
You feel extremely sick.
The orc hits you with a +1 dagger of venom.
You are more poisoned.
You see here a +0 war axe.
* * * LOW HITPOINT WARNING * * *
You feel extremely sick.
The orc hits you with a +1 dagger of venom.
* * * LOW HITPOINT WARNING * * *
You see here a +0 hand axe.
You hit the orc.
The orc is severely wounded.
* * * LOW HITPOINT WARNING * * *
You feel extremely sick. The orc hits you but does no damage.
You are more poisoned.
You hit the orc but do no damage. You headbutt the orc, but do no damage.
The orc is severely wounded.
You die...

#### ### .# #... #..
.# .# #...###.#
#.##.#
.#......$####.....
................####
........=.<.........
.......)o..$........
#)@)..........
#.)......###.
#.........#
#.......>.## ##
#.......))<# ..
##########.######..
#..........#
#.........##
#.........#


You could see an orc.

Vanquished Creatures
  A sky beast (D:6)
  2 centaurs (D:6)
  2 phantoms
  4 scorpions
  A water moccasin skeleton (D:5)
  3 bullfrog skeletons
  2 hounds
  A jelly (D:6)
  2 centaur skeletons
  3 orc priests
  2 iguanas
  2 orc wizards
  A killer bee zombie (D:7)
  5 adders
  2 river rats (D:6)
  A white imp (D:5)
  An ufetubus (D:4)
  A worm (D:3)
  3 dart slugs
  17 orcs
  5 endoplasms
  3 giant cockroaches
  6 goblins
  12 hobgoblins
  8 jackals
  5 quokkas
  9 ball pythons
  3 bats
  3 frilled lizards
  11 kobolds
  6 rats
127 creatures vanquished.

Notes
Turn   | Place    | Note
-------+----------+-------------------------------------------
     0 | D:1      | DarkShadow the Minotaur Fighter began the quest for the
                  | Orb.
     0 | D:1      | Reached XP level 1. HP: 19/19 MP: 0/0
   240 | D:1      | Reached XP level 2. HP: 24/27 MP: 1/1
   741 | D:1      | Reached XP level 3. HP: 33/33 MP: 2/2
  1024 | D:2      | Found Riogyst's Book Shop.
  1299 | D:2      | Found a shadowy altar of Dithmenos.
  1692 | D:3      | Noticed a scorpion
  1705 | D:3      | Killed a scorpion
  1706 | D:3      | Reached XP level 4. HP: 32/40 MP: 3/3
  2052 | D:3      | Reached XP level 5. HP: 43/46 MP: 4/4
  2855 | D:4      | Found a white marble altar of Elyvilon.
  2889 | D:4      | Found a shadowy altar of Dithmenos.
  2891 | D:4      | Found a broken altar of Ashenzari.
  2892 | D:4      | Found a glowing golden altar of the Shining One.
  2925 | D:4      | Found a basalt altar of Yredelemnul.
  2988 | D:4      | Found a stormy altar of Qazlal.
  3103 | D:4      | Reached skill level 5 in Armour
  3103 | D:4      | Reached skill level 5 in Shields
  3458 | D:5      | Entered Level 5 of the Dungeon
  3467 | D:5      | Reached XP level 6. HP: 50/53 MP: 5/5
  3618 | D:5      | Identified the +3 kite shield of Analysis {+Blink}
  4227 | D:5      | Found a runed translucent gate.
  4227 | D:5      | Found a runed translucent gate.
  4227 | D:5      | Found a runed translucent gate.
  4228 | D:5      | Noticed Morbidden's ghost (amateur DDWn)
  4596 | D:6      | Reached skill level 5 in Long Blades
  4605 | D:6      | Reached XP level 7. HP: 58/60 MP: 6/6
  4639 | D:6      | Reached skill level 5 in Fighting
  5086 | D:6      | Found Kuenubuv's Lightly-Used Armoury.
  5194 | D:6      | Reached XP level 8. HP: 51/70 MP: 7/7
  5563 | D:6      | Found an ancient bone altar of Kikubaaqudgha.
  6088 | D:7      | Succumbed to an orc's poison

Illustrated notes

Levels and vault maps discovered:
D:1:      dpeg_arrival_more_subterranean_lakeside_camping, layout_basic
D:2:      layout_basic, serial_shops, shop_statue, basic_altar
D:3:      cheibrodos_old_hovel, layout_basic
D:4:      layout_basic, kennysheep_ying_yang, nicolae_qazlal_general_emergency,
          gammafunk_temple_overflow_forgotten
D:5:      layout_gridville, gammafunk_ghost_necromancy, chequers_avenue
D:6:      layout_gridville, old_standard_altar, portal_sewer_entry_e,
          minmay_shop_damaged
D:7:      layout_rooms, minmay_temple_entry_proselytizer, grunt_potential,
          uniq_crazy_yiuf_cottage, uniq_prince_ribbit1

Skill      XL: |  1  2  3  4  5  6  7  8 |
---------------+-------------------------+-----
Armour         | 4 5 6 |  6.7
Fighting       | 4 5 6 |  6.1
Shields        | 4 5 6 7 |  7.5
Long Blades    | 3 4 5 6 7 |  7.2
Evocations     | |  0.5

Action                   |  1- 3 |  4- 6 |  7- 9 || total
-------------------------+-------+-------+-------++-------
Melee: Long sword        |    97 |   104 |   135 ||   336
       Headbutt          |    14 |    22 |    26 ||    62
 Abil: Evoke Blink       |       |     2 |       ||     2
  Use: Potion            |     1 |       |     1 ||     2
       Scroll            |       |    14 |     1 ||    15
Armor: Scale mail        |    41 |    35 |       ||    76
       Chain mail        |       |    33 |    95 ||   128
Dodge: Dodged            |    27 |    34 |    30 ||    91
Block: Kite shield       |    74 |    87 |   129 ||   290
       Rpst.: Long sword |     6 |     8 |     7 ||    21

Table legend: (Time is in decaauts)
 A = Elapsed time spent in this place.
 B = Non-inter-level travel time spent in this place.
 C = Inter-level travel time spent in this place.
 D = Time resting spent in this place.
 E = Time spent auto-exploring this place.
 F = Levels seen in this place.
 G = Mean time per level.
                   A        B        C        D        E       F      G
               +--------+--------+--------+--------+--------+-----+--------+
         Total |   6210 |   6091 |    119 |    943 |   3956 |   7 |  887.1 |
       Dungeon |   6210 |   6091 |    119 |    943 |   3956 |   7 |  887.1 |
               +--------+--------+--------+--------+--------+-----+--------+

Top non-repeatable levels by time:
     D:6: 1394 daAuts
     D:5: 1148 daAuts
     D:3: 1094 daAuts
     D:1: 1034 daAuts
     D:4: 729 daAuts
     D:2: 671 daAuts
     D:7: 137 daAuts
